 Dungeon Crawl Stone Soup version 0.31.0-32-g396128a36d (webtiles) character file.

Game seed: 13370092621717794013

6533 BassonBusker the Basher (level 10, -1/147 HPs)
             Began as a Troll Berserker on Apr 10, 2024.
             Was an Elder of Trog.
             Slain by an orc warrior
             ... wielding a +0 trident
             ... led by an orc warlord
              (7 damage)
             ... on level 2 of the Orcish Mines on Apr 11, 2024.
             The game lasted 00:42:46 (8202 turns).

BassonBusker the Basher (Troll Berserker)           Turns: 8202, Time: 00:42:48

Health: -1/147     AC: 14    Str: 35    XL:     10   Next: 69%
Magic:  0/0        EV: 16    Int:  5    God:    Trog [****..]
Gold:   382        SH:  0    Dex: 11    Spells: 9/9 levels left

rFire   + . .        r - +6 flail of the Head {flame, rF+ MP-9 Int+2}
rCold   . . .        (no shield)
rNeg    + . .        H - +2 acid dragon scales
rPois   .            h - +1 hat
rElec   .            p - +2 cloak
rCorr   +            (gloves unavailable)
SInv    .            (boots unavailable)
Will    .....        x - macabre finger necklace {Finger+ rN+} Stlth
                     d - +5 ring of evasion
HPRegen 1.24/turn    n - +6 ring of strength
MPRegen 0.07/turn    j - +4 ring of slaying

%: no passive effects
@: berserking (expiring), very quick
A: large, unfitting armour, claws 3, regeneration 1, shaggy fur 1, tough skin 1
a: Renounce Religion, Berserk, Trog's Hand, Brothers in Arms


You were on level 2 of the Orcish Mines.
You worshipped Trog.
Trog was greatly pleased with you.
You visited 2 branches of the dungeon, and saw 11 of its levels.

You collected 580 gold pieces.
You spent 198 gold pieces at shops.

Inventory:

Hand Weapons
 r - the +6 flail of the Head (weapon) {flame, rF+ MP-9 Int+2}
   (You found it on level 3 of the Dungeon)

   Int+2:     It affects your intelligence (+2).
   rF+:       It protects you from fire.
   MP-9:      It affects your magic capacity (-9).
 s - a +2 long sword of holy wrath
 C - a +0 sling
 D - a +4 quarterstaff of chaos
 N - a +0 orcbow
Missiles
 b - 72 stones
 G - 7 boomerangs (quivered)
 K - 2 throwing nets
 P - 6 poisoned darts
Armour
 h - a +1 hat (worn)
 p - a +2 cloak (worn)
 z - +1 steam dragon scales
 E - a +1 cloak
 F - an orb of guile
 H - +2 acid dragon scales (worn)
 S - a +0 troll leather armour
Jewellery
 d - a +5 ring of evasion (left claw)
 j - a +4 ring of slaying (on amulet)
 n - a +6 ring of strength (right claw)
 t - an amulet of regeneration
 x - the macabre finger necklace (around neck) {Finger+ rN+}
   (You found it on level 5 of the Dungeon)

   [amulet of nothing]

   Finger+:   It enables you to equip an extra ring.
   rN+:       It protects you from negative energy.
 J - an amulet of faith
 L - a ring of see invisible
Wands
 u - a wand of charming (22)
 v - a wand of iceblast (4)
 R - a wand of flame (7)
Scrolls
 f - 2 scrolls of poison
 i - 2 scrolls of enchant armour
 m - 2 scrolls of amnesia
 q - 8 scrolls of vulnerability
 y - 4 scrolls of identify
 A - 3 scrolls of noise
 M - a scroll of blinking
 O - a scroll of silence {unknown}
Potions
 a - 3 potions of heal wounds {unknown}
 c - 2 potions of degeneration
 e - 5 potions of curing
 g - 3 potions of magic
 k - 4 potions of haste
 l - 2 potions of lignification {unknown}
 o - 3 potions of might {unknown}
 w - 2 potions of enlightenment {unknown}
 B - a potion of mutation {unknown}
 I - a potion of attraction {unknown}
 Q - a potion of resistance


   Skills:
 + Level 5.8 Fighting
 + Level 2.9(6.2) Axes
 + Level 9.1(9.3) Maces & Flails
 + Level 2.2(3.0) Polearms
 + Level 3.3 Throwing
 + Level 3.0 Armour
 + Level 6.8 Dodging
 + Level 2.0 Stealth
 + Level 3.5 Unarmed Combat


You had 9 spell levels left.
You didn't know any spells.
Your spell library contained the following spells:

 Spells                   Type           Power      Damage    Failure   Level
 Freeze                   Ice            0%         1d3       52%         1
 Slow                     Hex            0%         N/A       52%         1
 Blink                    Tloc           0%         N/A       67%         2
 Lesser Beckoning         Tloc           0%         N/A       67%         2
 Momentum Strike          Conj/Tloc      0%         3d8       67%         2
 Call Canine Familiar     Summ           0%         N/A       88%         3
 Confusing Touch          Hex            0%         N/A       88%         3
 Frozen Ramparts          Ice            0%         1d1       88%         3
 Hailstorm                Conj/Ice       0%         3d5       88%         3
 Inner Flame              Hex/Fire       0%         N/A       88%         3
 Sigil of Binding         Hex            0%         N/A       88%         3
 Tukima's Dance           Hex            0%         N/A       88%         3
 Vampiric Draining        Necr           0%         2d6       88%         3
 Dimensional Bullseye     Hex/Tloc       0%         N/A       99%         4
 Flame Wave               Conj/Fire      0%         2d4       99%         4
 Iskenderun's Mystic Bla  Conj/Tloc      0%         2d3       99%         4
 Leda's Liquefaction      Alch/Erth      0%         N/A       99%         4
 Petrify                  Alch/Erth      0%         N/A       99%         4
 Sticky Flame             Fire/Alch      0%         2d4       99%         4
 Metabolic Englaciation   Hex/Ice        0%         N/A       100%        5


Dungeon Overview and Level Annotations

Branches:
Dungeon (9/15)             Temple (0/1) D:7             Orc (2/2) D:9
   Lair: D:8-11         Elf: Orc:2

Altars:
Cheibriados
Kikubaaqudgha
Makhleb
Vehumet
Yredelemnul

Shops:
D:4 *   D:6 =   Orc:1 ?


Innate Abilities, Weirdness & Mutations

You are too large for most types of armour.
You have claws for hands.
Your natural rate of healing is unusually fast.
You are covered in fur. (AC +1)
You have tough skin. (AC +1)


Message History

You are too berserk!
You hammer the orc warlord like a gong!!!
You burn the orc warlord!
The orc warlord is heavily wounded.
The warg bites you but does no damage.
You sock the orc warlord! You burn the orc warlord.
The orc warlord is heavily wounded.
The orc warrior hits you with a +0 flail!!
A kobold blastminer comes into view.
Something hits you but does no damage. The orc hits you but does no damage.
The orc warrior hits you from afar with a +0 trident!
The orc warlord closely misses you. The troll barely misses you.
The troll claws you but does no damage. The troll misses you.
The warg bites you! Something closely misses you.
Okay, then.
You hit the orc warlord. You burn the orc warlord.
The orc warlord is heavily wounded.
The orc no longer looks unusually strong. x2
The warg bites you. The orc warrior barely misses you.
The orc warrior hits you from afar with a +0 trident!
The orc warlord roars a battlecry!
The orcs go into a battle-frenzy!
The troll barely misses you. The troll claws you. The troll claws you!
* * * LOW HITPOINT WARNING * * *
You hear some strange, mumbled words.
Something tries to affect you, but you resist.
You are too berserk!
You sock the orc warlord! You burn the orc warlord.
The orc warlord is severely wounded.
The warg bites you!
* * * LOW HITPOINT WARNING * * *
Unknown command.
You sock the orc warlord! You burn the orc warlord.
The orc warlord is almost dead.
The orc warrior no longer looks unusually strong.
The orc warrior hits you with a +0 flail!!
* * * LOW HITPOINT WARNING * * *
The orc completely misses you.
The orc warrior hits you from afar with a +0 trident!
You die...

.......#..
......#....
##..........
........$..
#......o...
##.....o....
#<$)oo......
##.{ooo.....
#..o@.oo.$..
##.hoTK..K..
#...........
#..$....#...
##..........
$..........
#...........
#......$....


You could see an orc warlord, 2 kobold blastminers, a troll, a warg, 4 orc
warriors, 2 orc wizards and 4 orcs.

Vanquished Creatures
  Gastronok (D:8)
  A two-headed ogre (D:9)
  Maggie (D:7)
  2 trolls (D:9)
  Sigmund (D:4)
  Eustachio (D:4)
  3 wyverns
  3 steam dragons
  A sky beast (D:7)
  4 orc warriors
  3 ogres
  A centaur (D:8)
  A kobold brigand (D:9)
  4 bullfrogs
  2 gnoll sergeants
  2 scorpions
  5 wights (D:8)
  6 killer bees
  3 howler monkeys
  3 bombardier beetles
  7 orc priests
  3 hounds
  Ijyb (D:4)
  A jelly (D:6)
  Crazy Yiuf (D:6)
  An iguana (D:6)
  9 orc wizards
  An ogre zombie (D:6)
  12 adders
  7 gnolls
  A gnoll zombie (D:6)
  An orc zombie (D:6)
  3 shadow imps
  A white imp (D:7)
  6 ufetubi
  3 dart slugs
  A ribbon worm (D:2)
  28 orcs
  10 endoplasms
  5 giant cockroaches
  4 goblins
  5 hobgoblins
  4 jackals
  3 quokkas
  8 ball pythons
  7 bats
  5 frilled lizards
  8 kobolds
  4 rats
198 creatures vanquished.

Notes
Turn   | Place    | Note
-------+----------+-------------------------------------------
     0 | D:1      | BassonBusker the Troll Berserker began the quest for the
                  | Orb.
     0 | D:1      | Reached XP level 1. HP: 22/22 MP: 0/0
    92 | D:1      | Reached XP level 2. HP: 28/29 MP: 1/1
   563 | D:1      | Reached XP level 3. HP: 36/36 MP: 2/2
   795 | D:2      | Reached ** piety under Trog
   901 | D:2      | Reached skill level 1 in Axes
  1077 | D:2      | Reached XP level 4. HP: 44/44 MP: 3/3
  1123 | D:2      | Found a faded altar of an unknown god.
  1126 | D:2      | Identified the +6 spear of the Madman {venom, Int+4}
  1440 | D:3      | Reached XP level 5. HP: 53/53 MP: 4/4
  1915 | D:3      | Identified the +6 flail of the Head {flame, rF+ MP-9 Int+2}
  1992 | D:4      | Noticed an ogre
  1998 | D:4      | Killed an ogre
  1999 | D:4      | Reached skill level 1 in Polearms
  1999 | D:4      | Reached XP level 6. HP: 61/61 MP: 0/5
  2049 | D:4      | You fall into a shaft and drop 2 floors!
  2063 | D:6      | Noticed a sky beast
  2068 | D:6      | Found a transporter.
  2096 | D:7      | Killed a sky beast
  2097 | D:7      | Reached skill level 1 in Maces & Flails
  2127 | D:6      | Reached skill level 1 in Throwing
  2127 | D:6      | Reached XP level 7. HP: 63/67 MP: 0/6
  2180 | D:5      | Entered Level 5 of the Dungeon
  2277 | D:5      | Noticed a steam dragon
  2279 | D:5      | Noticed a steam dragon
  2286 | D:5      | Killed a steam dragon
  2290 | D:5      | Killed a steam dragon
  2291 | D:5      | Reached skill level 2 in Maces & Flails
  2450 | D:4      | Noticed Eustachio
  2475 | D:4      | Killed Eustachio
  2476 | D:4      | Reached skill level 3 in Maces & Flails
  2476 | D:4      | Reached XP level 8. HP: 78/78 MP: 0/7
  2534 | D:4      | Found a burning altar of Makhleb.
  2537 | D:4      | Noticed Ijyb
  2546 | D:4      | Killed Ijyb
  2715 | D:4      | Found Bolosodd's Neck Hole.
  2724 | D:4      | Identified the +0 short sword of the Toadstool {pain,
                  | Int+3}
  2726 | D:4      | Bought a +2 cloak for 198 gold pieces
  2920 | D:4      | Noticed Sigmund
  2925 | D:4      | Killed Sigmund
  2926 | D:4      | Reached skill level 4 in Maces & Flails
  2926 | D:4      | Reached skill level 5 in Dodging
  3146 | D:5      | Found the macabre finger necklace {Finger+ rN+}
  3380 | D:5      | Reached skill level 1 in Stealth
  3486 | D:5      | Found an ancient bone altar of Kikubaaqudgha.
  3486 | D:5      | Found a radiant altar of Vehumet.
  3668 | D:5      | Reached *** piety under Trog
  3864 | D:6      | Reached skill level 5 in Maces & Flails
  3935 | D:6      | Found Elishugu's Jewellery Shop.
  4162 | D:6      | Found a transporter.
  4239 | D:6      | Found a runed translucent door.
  4240 | D:6      | Noticed Crazy Yiuf
  4244 | D:6      | Killed Crazy Yiuf
  4765 | D:7      | Reached XP level 9. HP: 85/85 MP: 0/8
  4841 | D:7      | Noticed Maggie
  4854 | D:7      | Killed Maggie
  4855 | D:7      | Reached skill level 6 in Maces & Flails
  4884 | D:7      | Found a snail-covered altar of Cheibriados.
  5137 | D:7      | Found a staircase to the Ecumenical Temple.
  6273 | D:8      | Noticed Gastronok
  6298 | D:8      | Killed Gastronok
  6299 | D:8      | Reached skill level 5 in Fighting
  6299 | D:8      | Reached skill level 7 in Maces & Flails
  6300 | D:8      | Reached XP level 10. HP: 96/96 MP: 0/9
  6869 | D:9      | Reached skill level 8 in Maces & Flails
  6911 | D:9      | Reached **** piety under Trog
  6933 | D:9      | Found a staircase to the Orcish Mines.
  7231 | D:9      | Found a basalt altar of Yredelemnul.
  7247 | D:9      | Noticed a two-headed ogre
  7256 | D:9      | Killed a two-headed ogre
  7987 | Orc:1    | Entered Level 1 of the Orcish Mines
  8008 | Orc:1    | Found Bidur's Magic Scroll Boutique.
  8030 | Orc:1    | Reached skill level 9 in Maces & Flails
  8181 | Orc:2    | Entered Level 2 of the Orcish Mines
  8186 | Orc:2    | Noticed an orc warlord
  8192 | Orc:2    | Noticed a kobold blastminer
  8199 | Orc:2    | Noticed a kobold blastminer
  8202 | Orc:2    | HP: 6/147 [orc warrior/+0 flail[an orc warlord] (22)]
  8202 | Orc:2    | Slain by an orc warrior

Illustrated notes

Levels and vault maps discovered:
D:1:      minmay_arrival_loop, layout_rooms, st_stairs_14,
          minmay_misc_feat_enclosed, minmay_cut_off
D:2:      layout_rooms, shapermc_ecumenical_altar_pompeii
D:3:      layout_loops_ring
D:4:      layout_loops_ring, lemuel_round_altar,
          nicolae_shop_sticking_my_neck_out, uniq_eustachio, uniq_sigmund,
          uniq_ijyb
D:5:      kennysheep_steamy, layout_loops_ring, gammafunk_temple_overflow_pools,
          glass_columns_c
D:6:      gammafunk_cloud_chamber, layout_cave_pools, nicolae_take_the_stairs,
          hex_medium, chequers_decorated_corner, uniq_crazy_yiuf_cottage
D:7:      layout_basic, kennysheep_slug_shrine, minmay_temple_entry_offerings,
          uniq_maggie
D:8:      layout_loops_ring, uniq_gastronok
D:9:      layout_small_grid, general_overflow_altar, hiddenorc1_lemuel,
          corexii_checkpoint, centaur_isle
Orc:1:    layout_caves, serial_shops, shop_scrolls
Orc:2:    st_orc_rangers, layout_caves, uniq_saint_roka

Skill      XL: |  1  2  3  4  5  6  7  8  9 10 |
---------------+-------------------------------+-----
Dodging        | 3 4 5 6 |  6.8
Axes           | 1 2 |  2.9
Fighting       | 3 4 5 |  5.8
Polearms       | 1 2 |  2.2
Maces & Flails | 1 3 5 7 9 |  9.1
Throwing       | 1 2 3 |  3.3
Stealth        | 1 2 |  2.0
Armour         | 2 3 |  3.0
Unarmed Combat | |  3.5

Action                     |  1- 3 |  4- 6 |  7- 9 | 10-12 || total
---------------------------+-------+-------+-------+-------++-------
  Melee: Unarmed           |    42 |       |       |       ||    42
         War axe           |    73 |    11 |       |       ||    84
         Spear             |       |    33 |       |       ||    33
         Punch             |       |     2 |     2 |       ||     4
         Flail             |       |    36 |   174 |   127 ||   337
  Throw: Stone             |     2 |       |     2 |       ||     4
         Dart              |       |     7 |     4 |       ||    11
         Boomerang         |       |       |     6 |    16 ||    22
 Invoke: Berserk           |     3 |     1 |     7 |     2 ||    13
         Trog's Hand       |       |     1 |     2 |       ||     3
    Use: Scroll            |     4 |     2 |     6 |       ||    12
         Potion            |       |       |     1 |       ||     1
   Stab: Sleeping          |       |     1 |     1 |     1 ||     3
 Armour: Animal skin       |    71 |    55 |     8 |       ||   134
         Steam dragon scal |       |       |    74 |       ||    74
         Acid dragon scale |       |       |    28 |   156 ||   184
  Dodge: Dodged            |   143 |    63 |   177 |   180 ||   563
